 Dungeon Crawl Stone Soup version 0.17-a0-1567-gdd419b1 (webtiles) character file.

85 ololoev the Chucker (level 4, -1/48 HPs)
             Began as an Ogre Hunter on July 22, 2015.
             Slain by Natasha (9 damage)
             ... on level 2 of the Dungeon.
             The game lasted 00:04:10 (2381 turns).

ololoev the Chucker (Ogre Hunter)                   Turns: 2381, Time: 00:04:11

Health: -1/48      AC:  5    Str: 18    XL:     4   Next: 48%
Magic:  4/4        EV: 10    Int: 10    God:
Gold:   121        SH:  0    Dex: 10    Spells: 0 memorised, 3 levels left

rFire  + . .     SeeInvis .     h - +0 whip
rCold  . . .     Clarity  .     y - +1 robe {rF+}
rNeg   . . .     SustAt   .     (no shield)
rPois  .         Gourm    .     (helmet restricted)
rElec  .         Spirit   .     q - +0 cloak
rCorr  .         Warding  .     (gloves unavailable)
rMut   .         Stasis   .     (boots unavailable)
MR     .....                    (no amulet)
Stlth  +.........               (no ring)
                                (no ring)

@: not resistant to hostile enchantments, very unstealthy
A: unfitting armour, tough skin 1
a: no special abilities


Innate Abilities, Weirdness & Mutations

You are too large for most types of armour.
You have tough skin (AC +1).

Inventory:

Hand weapons
 c - a +0 short sword
 h - a +0 whip (weapon)
Missiles
 a - 4 large rocks (quivered)
 b - 2 throwing nets
Armour
 q - a +0 cloak (worn)
 y - a +1 robe of fire resistance (worn)
Jewellery
 p - an uncursed ring of ice
Scrolls
 i - a scroll of teleportation {unknown}
 l - a scroll of fog {unknown}
 u - 2 scrolls of remove curse {unknown}
 w - a scroll of identify {unknown}
Potions
 f - a potion of magic {unknown}
 g - 2 potions of degeneration {unknown}
 j - 2 potions of curing {unknown}
 k - a potion of resistance {unknown}
 m - a potion of invisibility {unknown}
 o - 2 potions of mutation {unknown}
 t - a potion of agility {unknown}
 x - a potion of might {unknown}
Comestibles
 e - 2 bread rations
 n - a slice of pizza
 r - a beef jerky
 s - 4 fruits
 v - 2 meat rations


   Skills:
 + Level 3.7 Fighting
 * Level 3.1 Maces & Flails
 + Level 5.2 Throwing
 - Level 1.7 Dodging
 - Level 0.7 Stealth


You had 3 spell levels left.
You didn't know any spells.


You were on level 2 of the Dungeon.
You were not hungry.

You visited 1 branch of the dungeon, and saw 2 of its levels.

You collected 121 gold pieces.

#..........#.#
#.......####.#
##..##..# #.#
##.##..# #.#
#.)#..# #.#
######.#..#
###
...h......#
....##.h#.# .
##@#.# #.#.#
##.###.#.#
..........#
###.###$#.#
#.#.# #.(.#
##..# .>.

Notes
Turn   | Place    | Note
--------------------------------------------------------------
     0 | D:1      | ololoev the Ogre Hunter began the quest for the Orb.
     0 | D:1      | Reached XP level 1. HP: 22/22 MP: 1/1
   102 | D:1      | Reached XP level 2. HP: 25/29 MP: 2/2
   136 | D:1      | HP: 1/29 [goblin/club (1)]
   593 | D:1      | Reached skill level 1 in Maces & Flails
   625 | D:1      | Reached skill level 5 in Throwing
   840 | D:1      | Reached XP level 3. HP: 16/37 MP: 3/3
  2127 | D:2      | Reached XP level 4. HP: 43/45 MP: 4/4
  2267 | D:2      | Noticed Jessica
  2269 | D:2      | Killed Jessica
  2357 | D:2      | Noticed Natasha
  2381 | D:2      | Slain by Natasha

Dungeon Overview and Level Annotations

Branches:
Dungeon (2/15)

Altars:

Annotations:
D:2 Natasha


Message History

The bat barely misses you.
You hit the bat but do no damage.
The bat is almost dead.
The bat closely misses you. The bat hits you.
Natasha zaps a wand.
The puff of flame hits you! You resist.
You barely miss the bat.
The bat is almost dead.
The bat hits you but does no damage. The bat hits you but does no damage.
Natasha zaps a wand.
The puff of flame hits you! You resist.
You are too injured to fight recklessly!
You are too injured to fight recklessly!
You are too injured to fight recklessly!
You are too injured to fight recklessly!
You are too injured to fight recklessly!
You are too injured to fight recklessly!
The bat hits you but does no damage. The bat barely misses you.
The bat hits you but does no damage.
Natasha zaps a wand.
The puff of flame hits you! You resist. The bat barely misses you.
You barely miss Natasha. The bat hits you. The bat hits you but does no damage.
Natasha claws you. The bat hits you but does no damage.
You closely miss Natasha. The bat misses you. Natasha casts a spell at you.
The magic dart hits you!
You hit Natasha.
Natasha is lightly wounded.
The bat hits you but does no damage.
Natasha zaps a wand.
The puff of flame misses you.
The puff of flame hits the bat.
The bat dies!
You barely miss Natasha.
Natasha is lightly wounded.
Natasha zaps a wand.
The puff of flame hits you! You resist.
Throwing (i - inventory. (,) - cycle):
a - 5 large rocks (quivered)
Press: ? - help, Shift-Dir - straight line, f - Natasha
Aim: Natasha, carrying a wand of flame {zapped: 12} (lightly wounded)
You throw a large rock. The large rock hits Natasha!
Natasha is severely wounded.
Natasha claws you!
You die...

You could see Natasha.

Vanquished Creatures
  Jessica (D:2)
  An ooze (D:2)
  A worm (D:2)
  A giant gecko (D:1)
  6 bats
  A giant cockroach (D:1)
  4 goblins (D:1)
  7 hobgoblins
  2 jackals (D:1)
  6 kobolds
  4 giant newts
  18 rats
52 creatures vanquished.

Vanquished Creatures (others)
  A bat (D:2)
1 creature vanquished.

Grand Total: 53 creatures vanquished

Action                   |  1- 3 |  4- 6 || total
-------------------------+-------+-------++-------
Melee: Short sword       |    13 |       ||    13
       Whip              |   227 |    21 ||   248
Throw: Large rock        |       |     3 ||     3
 Stab: Sleeping          |     2 |       ||     2
  Eat: Chunk             |     4 |     1 ||     5

Vault maps used:
D:1:      erik_arrival_orb_chamber, minivault_27
D:2:      first_bread, minmay_close_crescents, uniq_jessica, uniq_natasha,
          uniq_crazy_yiuf_cottage
